Map: Deathaura LE

Players

Planeptune

  • Race: Protoss Protoss
  • League: Diamond
  • Spawn Location: 5:00

Massa - Winner!

  • Race: Terran Terran
  • League: Platinum
  • Spawn Location: 11:00

VOD

Have the link to the VOD?

Description

Time

  • Played on: Dec. 30, 2020, 12:57 p.m.
  • Length: 18:31
Show
View Real Time Build Order
Export as new Build Order

Planeptune Protoss 

Build Orders:  

Get SALT Encoding   

  12  0:00  Probe (Chrono Boost)  
  13  0:10  Probe (Chrono Boost)  
  14  0:18  Pylon  
  14  0:21  Probe  
  15  0:37  Gateway  
  15  0:46  Gateway  
  15  0:49  Probe  
  16  0:56  Assimilator  
  16  1:01  Probe (Chrono Boost)  
  18  1:12  Probe (Chrono Boost)  
  18  1:17  Probe (Chrono Boost)  
  19  1:28  Probe  
  19  1:29  Cybernetics Core  
  20  1:37  Assimilator  
  20  1:40  Probe  
  20  1:46  Pylon  
  21  1:52  Probe  
  22  2:04  Probe, Warp Gate (Chrono Boost)  
  22  2:05  Adept  
  22  2:06  Adept  
  27  2:15  Pylon  
  27  2:35  Adept  
  27  2:36  Adept  
  31  2:54  Nexus  
  31  3:02  Gateway  
  31  3:14  Adept x2  
  35  3:36  Stargate  
  35  3:50  Pylon  
  35  3:55  Stalker x2  
  39  4:07  Probe x2 (Chrono Boost)  
  41  4:15  Probe x2 (Chrono Boost)  
  43  4:17  Stalker  
  43  4:20  Probe (Chrono Boost)  
  43  4:21  Probe  
  47  4:24  Phoenix  
  49  4:32  Probe  
  49  4:33  Probe  
  51  4:50  Stalker x2  
  55  4:58  Robotics Facility  
  55  5:14  Stalker  
  55  5:18  Forge  
  57  5:28  Stalker x2  
  61  5:30  Probe  
  61  5:35  Pylon  
  62  5:37  Pylon  
  62  5:45  Assimilator  
  62  5:53  Probe, Photon Cannon, Phoenix  
  62  5:55  Photon Cannon  
  62  5:56  Photon Cannon  
  65  6:00  Photon Cannon  
  65  6:18  Phoenix  
  67  6:19  Observer  
  68  6:26  Probe  
  69  6:34  Protoss Ground Weapons Level 1 (Chrono Boost)  
  69  6:38  Probe  
  69  6:39  Nexus  
  70  6:40  Observer  
  71  6:50  Phoenix  
  71  6:53  Protoss Air Weapons Level 1 (Chrono Boost)  
  73  6:55  Probe (Chrono Boost), Assimilator  
  73  6:58  Stalker  
  76  7:01  Adept  
  76  7:07  Probe (Chrono Boost)  
  74  7:17  Probe  
  75  7:29  Probe  
  76  7:41  Probe  
  77  7:53  Probe  
  77  7:55  Void Ray  
  82  8:05  Probe (Chrono Boost)  
  82  8:07  Stargate  
  83  8:13  Adept x2  
  83  8:14  Adept  
  83  8:16  Probe (Chrono Boost)  
  83  8:18  Twilight Council  
  90  8:21  Probe (Chrono Boost)  
  90  8:25  Assimilator  
  90  8:26  Probe (Chrono Boost)  
  93  8:38  Probe (Chrono Boost)  
  93  8:44  Pylon  
  93  8:46  Pylon  
  93  8:48  Pylon  
  93  8:56  Void Ray  
  93  8:58  Void Ray  
  93  9:02  Probe (Chrono Boost)  
  99  9:05  Probe (Chrono Boost)  
  99  9:06  Probe (Chrono Boost)  
  104  9:11  Protoss Air Armor Level 1  
  104  9:13  Protoss Ground Weapons Level 2 (Chrono Boost), Assimilator  
  104  9:14  Probe (Chrono Boost)  
  107  9:18  Probe x2 (Chrono Boost)  
  107  9:19  Probe (Chrono Boost)  
  108  9:26  Probe  
  109  9:37  Void Ray, Fleet Beacon  
  109  9:38  Void Ray  
  117  9:54  Pylon  
  117  9:57  Pylon  
  117  10:09  Forge  
  117  10:10  Resonating Glaives  
  117  10:12  Probe  
  118  10:18  Cybernetics Core  
  118  10:24  Probe (Chrono Boost), Carrier  
  118  10:25  Carrier  
  131  10:28  Stargate  
  131  10:37  Probe (Chrono Boost)  
  132  10:47  Nexus  
  132  10:51  Protoss Ground Armor Level 1 (Chrono Boost)  
  132  11:01  Protoss Air Weapons Level 2  
  132  11:15  Protoss Air Armor Level 2  
  132  11:17  Pylon  
  132  11:19  Pylon  
  132  11:25  Pylon  
  132  11:33  Stargate  
  132  11:35  Carrier  
  132  11:37  Tempest  
  143  11:41  Tempest  
  149  11:47  Probe  
  149  11:59  Probe  
  150  12:05  Blink  
  150  12:13  Protoss Ground Weapons Level 3 (Chrono Boost)  
  150  12:40  Void Ray  
  150  12:47  Tempest  
  150  12:48  Tempest  
  150  12:49  Tempest  
  169  12:58  Protoss Ground Armor Level 2 (Chrono Boost)  
  169  13:05  Probe (Chrono Boost)  
  170  13:12  Probe (Chrono Boost)  
  171  13:15  Probe (Chrono Boost)  
  172  13:23  Pylon  
  172  13:27  Pylon  
  172  13:29  Pylon  
  172  13:30  Pylon  
  172  13:40  Probe (Chrono Boost)  
  177  13:45  Probe (Chrono Boost)  
  176  13:52  Probe (Chrono Boost)  
  173  13:56  Probe x2 (Chrono Boost), Stalker x2  
  173  13:57  Stalker  
  173  14:06  Probe (Chrono Boost)  
  170  14:14  Tempest  
  170  14:16  Probe (Chrono Boost), Pylon  
  171  14:19  Pylon  
  171  14:20  Void Ray  
  171  14:21  Probe (Chrono Boost)  
  172  14:25  Tempest  
  181  14:33  Probe, Flux Vanes  
  188  14:40  Unknown  
  188  14:52  Protoss Shields Level 1 (Chrono Boost)  
  188  14:57  Assimilator  
  188  15:00  Carrier  
  188  15:01  Pylon  
  188  15:05  Pylon, Assimilator  
  188  15:07  Pylon  
  193  15:15  Carrier  
  196  15:42  Tempest  
  196  15:43  Pylon  
  196  16:00  Pylon  
  196  16:04  Pylon  
  196  16:08  Pylon  
  196  16:10  Pylon  
  196  16:12  Pylon  
  196  16:18  Robotics Bay  
  100  17:16  Void Ray x2 (Chrono Boost)  
  65  17:25  Void Ray (Chrono Boost)  
  65  17:26  Void Ray (Chrono Boost)  
  76  17:32  Stalker x3  
  72  18:02  Stalker x3  
Show
View Real Time Build Order
Export as new Build Order

Massa Terran - Winner!

Build Orders:  

Get SALT Encoding   

  12  0:01  SCV  
  13  0:15  Supply Depot  
  13  0:17  SCV  
  14  0:29  SCV  
  15  0:38  Barracks  
  15  0:41  SCV  
  16  0:50  Refinery  
  16  0:53  SCV  
  17  1:05  SCV  
  18  1:17  SCV  
  19  1:29  Orbital Command  
  20  1:32  Reaper  
  20  1:54  SCV  
  20  1:59  Command Center  
  21  2:04  Marine  
  22  2:10  Supply Depot  
  22  2:18  Factory  
  22  2:20  SCV  
  23  2:32  Marine  
  24  2:49  Marine  
  24  2:53  SCV  
  25  2:59  Refinery  
  25  3:04  Hellion  
  25  3:05  SCV  
  28  3:08  Starport  
  28  3:12  Marine  
  29  3:15  Orbital Command  
  29  3:17  SCV  
  30  3:21  Engineering Bay  
  30  3:25  Widow Mine  
  32  3:29  SCV, Marine  
  34  3:40  SCV  
  35  3:41  SCV  
  35  3:47  Marine  
  37  3:50  Missile Turret, Supply Depot  
  37  3:51  Supply Depot  
  37  3:52  SCV, Missile Turret  
  37  3:53  SCV  
  39  4:13  Barracks Tech Lab  
  39  4:16  Factory Tech Lab  
  39  4:20  Liberator  
  39  4:24  Barracks  
  42  4:26  Terran Infantry Weapons Level 1  
  42  4:29  SCV x2  
  44  4:36  Barracks  
  44  4:42  Marauder  
  44  4:43  Siege Tank  
  50  5:12  Marine  
  48  5:29  Marine  
  48  5:33  Marine  
  48  5:35  Medivac  
  52  5:42  Supply Depot  
  52  5:44  Supply Depot x2  
  52  5:47  Barracks, Marine  
  53  5:50  Marine  
  53  5:53  Armory, Barracks  
  54  6:00  Sensor Tower  
  55  6:12  Barracks Tech Lab  
  54  6:20  Terran Infantry Armor Level 1  
  54  6:26  SCV x2  
  54  6:30  Liberator  
  59  6:35  Marine x2  
  59  6:38  SCV x2  
  63  6:42  Refinery  
  63  6:43  Stimpack  
  63  6:44  Refinery  
  63  6:46  Widow Mine  
  65  6:50  SCV x2  
  65  6:52  Marine  
  65  6:53  Marine  
  69  7:02  SCV x2  
  70  7:10  Marine x2  
  70  7:14  SCV  
  64  7:28  Marine x2  
  66  7:32  Medivac  
  66  7:35  Barracks Reactor, Barracks Tech Lab  
  68  7:42  Missile Turret  
  68  7:46  Marine x2  
  68  7:48  Missile Turret  
  70  7:53  Combat Shield  
  70  7:59  Command Center  
  70  8:02  Medivac  
  70  8:04  Marine, Command Center  
  70  8:14  Terran Infantry Weapons Level 2  
  70  8:20  Marine x3  
  70  8:21  Marine x2  
  70  8:22  Concussive Shells  
  75  8:29  Ghost Academy  
  75  8:38  Marine x3  
  78  8:57  Starport Reactor  
  78  8:58  Barracks Tech Lab, Supply Depot  
  78  8:59  Supply Depot  
  78  9:01  Supply Depot x2  
  78  9:02  Supply Depot x2  
  78  9:04  Supply Depot  
  78  9:10  Marine x3, Thor  
  78  9:11  Marauder  
  78  9:16  SCV x3  
  92  9:24  Supply Depot  
  92  9:25  Supply Depot  
  92  9:27  Ghost  
  92  9:28  SCV x3, Marauder, Marine x2  
  101  9:31  Planetary Fortress  
  101  9:32  Marauder  
  103  9:42  Missile Turret  
  103  9:44  Missile Turret  
  103  9:46  Marine x2  
  103  9:49  Marine  
  106  9:53  Marine, Thor  
  106  9:55  Marine  
  114  10:03  Marine x2  
  116  10:07  Marine  
  116  10:11  Marine  
  116  10:13  SCV x4, Marine  
  123  10:18  Medivac x2  
  127  10:21  Marine  
  127  10:22  Starport  
  127  10:24  Ghost  
  127  10:25  SCV x3, Marine  
  134  10:29  Marauder  
  134  10:31  Marine  
  134  10:32  Terran Infantry Weapons Level 3  
  137  10:36  Engineering Bay  
  137  10:39  Marine  
  137  10:41  Terran Vehicle Weapons Level 1  
  138  10:43  Marine  
  138  10:46  Refinery  
  138  10:48  Refinery  
  139  10:50  SCV x3  
  142  11:02  SCV x3  
  145  11:06  Missile Turret  
  145  11:10  Sensor Tower  
  145  11:20  Missile Turret  
  145  11:23  Ghost  
  145  11:24  Marine, Sensor Tower  
  145  11:25  Sensor Tower  
  148  11:26  Marauder x2, Marine  
  153  11:35  Refinery, Planetary Fortress  
  153  11:37  Refinery  
  153  11:39  Missile Turret  
  153  11:47  Marauder  
  155  12:02  Viking x2  
  155  12:04  Starport Tech Lab  
  159  12:12  Starport  
  159  12:16  Starport  
  159  12:29  Enhanced Shockwaves  
  159  12:32  Viking x2  
  159  12:34  Corvid Reactor  
  163  12:49  SCV x2  
  163  12:50  SCV x2  
  167  13:01  SCV  
  167  13:02  SCV x3, Viking x2  
  175  13:13  Starport Tech Lab  
  175  13:14  Starport Reactor, Viking  
  177  13:31  Terran Infantry Armor Level 2  
  177  13:32  Viking  
  177  13:33  Neosteel Armor  
  179  13:35  Terran Vehicle Weapons Level 2  
  179  13:36  Supply Depot x2  
  179  13:38  Supply Depot  
  179  13:39  Supply Depot  
  179  13:52  Raven  
  179  13:54  Viking  
  179  14:01  Supply Depot  
  170  14:20  Viking x4  
  170  14:22  Thor  
  170  14:24  Smart Servos, Viking  
  186  14:35  Armory, Raven  
  188  14:50  Viking  
  190  14:57  Command Center  
  190  15:05  Thor  
  190  15:06  Command Center  
  196  15:13  Hi-Sec Auto Tracking  
  186  15:42  Drilling Claws  
  183  15:52  Viking x3  
  183  15:53  Viking  
  183  15:54  Viking x2  
  189  16:01  Thor  
  195  16:07  Terran Vehicle And Ship Armor Level 1  
  195  16:22  Viking x2  
  199  16:38  Missile Turret  
  199  16:40  Planetary Fortress, Missile Turret x2  
  199  16:43  Missile Turret  
  190  16:57  Missile Turret  
  190  17:00  Missile Turret  
  162  17:01  Missile Turret  
  162  17:04  Missile Turret  
  140  17:16  Marauder x3, Marine x2  
  138  17:23  Missile Turret  
  138  17:26  Thor  
  138  17:27  Missile Turret  
  144  17:31  Missile Turret  
  144  17:34  Barracks, Marine x2  
  144  17:35  Missile Turret  
  144  17:36  Barracks  
  146  17:37  Marauder  
  146  17:38  Barracks, Marauder x2  
  146  17:39  Barracks, Viking  
  146  17:40  Raven, Viking x4  
  162  17:46  Missile Turret  
  160  17:51  Missile Turret  
  160  17:54  Missile Turret  
  160  17:55  Missile Turret  
  154  17:58  Marauder  
  154  17:59  Marauder x2  
  154  18:00  Marine  
  154  18:01  Marine  
  161  18:15  Missile Turret  
Tags
 
Matchup
PvT
Replay Pack
Multiplayer
Spawn Locations
Cross Positions
Add a new tag
Caveats
  • Supply blocks, unpowered buildings, or Contaminate may cause inaccurate times.
  • Supply counts are checked every 10 seconds.